TOP OF THE 1ST |
Pontiac Godfathers batting - Pitching for Smoky Mountain Hobeaus : RHP Luis Barrios
|
Pitching: RHP Luis Barrios
|
|
Batting: RHB Ralph Brantley
|
0-0: Ball 1-0: Called Strike 1-1: Called Strike 1-2: Ball 2-2: SINGLE (Line Drive, 78S, EV 111.2 MPH)
|
Batting: SHB Barnes Libbinga
|
0-0: Called Strike 0-1: Ball 1-1: Ball 2-1: Foul Ball, location: 2F 2-2: Ground out 4-3 (Groundball, 4S, EV 64.4 MPH) Ralph Brantley to second
|
Batting: RHB Nick Christensen
|
0-0: Fly out, F8 (Flyball, 8RM, EV 80.6 MPH)
|
Batting: RHB Emmett Amavizca
|
0-0: Swinging Strike 0-1: Foul Ball, location: 2F 0-2: Ball 1-2: Strikes out swinging
|
Top of the 1st over - 0 runs, 1 hit, 0 errors, 1 left on base; Pontiac 0 - Smoky Mountain 0 |
BOTTOM OF THE 1ST |
Smoky Mountain Hobeaus batting - Pitching for Pontiac Godfathers : LHP Mike Thornton
|
Pitching: LHP Mike Thornton
|
|
Batting: LHB Ben Lindsay
|
0-0: Called Strike 0-1: Ball 1-1: Ball 2-1: Swinging Strike 2-2: Foul Ball, location: 2F 2-2: Ball 3-2: Strikes out swinging
|
Batting: RHB Liang Bai
|
0-0: Called Strike 0-1: Ball 1-1: Ball 2-1: Foul Ball, location: 2F 2-2: Ball 3-2: Foul Ball, location: 2F 3-2: SINGLE (Groundball, 6D, EV 98.8 MPH)
|
Batting: RHB Tom Scroby
|
0-0: Ball 1-0: Ball 2-0: Fly out, F8 (Flyball, 89D, EV 101.2 MPH)
|
Batting: RHB Jesús Fernández
|
0-0: Ball 1-0: Ball 2-0: Ground out 5-3 (Groundball, 56S, EV 64.4 MPH)
|
Bottom of the 1st over - 0 runs, 1 hit, 0 errors, 1 left on base; Pontiac 0 - Smoky Mountain 0 |
TOP OF THE 2ND |
Pontiac Godfathers batting - Pitching for Smoky Mountain Hobeaus : RHP Luis Barrios
|
Batting: LHB Carlos Macías
|
0-0: Ball 1-0: Called Strike 1-1: Ball 2-1: Fly out, F7 (Flyball, 78S, EV 89.4 MPH)
|
Batting: RHB Jorge Putignani
|
0-0: Foul Ball, location: 2F 0-1: Ball 1-1: Ball 2-1: Foul Ball, location: 2F 2-2: Strikes out swinging
|
Batting: RHB Bindu Mongia
|
0-0: Ground out 4-3 (Groundball, 4M, EV 85.0 MPH)
|
Top of the 2nd over - 0 runs, 0 hits, 0 errors, 0 left on base; Pontiac 0 - Smoky Mountain 0 |
BOTTOM OF THE 2ND |
Smoky Mountain Hobeaus batting - Pitching for Pontiac Godfathers : LHP Mike Thornton
|
Batting: LHB Jacob Hall
|
0-0: Fly out, F8 (Flyball, 8RM, EV 90.0 MPH)
|
Batting: RHB Senzo Matsuura
|
0-0: Ball 1-0: Ball 2-0: Called Strike 2-1: Called Strike 2-2: SINGLE (Groundball, 15S, EV 66.2 MPH) (infield hit)
|
Batting: LHB Gianni Fei
|
0-0: Called Strike Senzo Matsuura is caught stealing 2nd base 2-6 0-1: Ball 1-1: Ball 2-1: Ball 3-1: Ground out 4-3 (Groundball, 4, EV 81.2 MPH)
|
Bottom of the 2nd over - 0 runs, 1 hit, 0 errors, 0 left on base; Pontiac 0 - Smoky Mountain 0 |
TOP OF THE 3RD |
Pontiac Godfathers batting - Pitching for Smoky Mountain Hobeaus : RHP Luis Barrios
|
Batting: RHB Zachary Spilsbury
|
0-0: Called Strike 0-1: Foul Ball, location: 2F 0-2: Strikes out swinging
|
Batting: RHB Frank Curry
|
0-0: Reached on error, E7 (Flyball, 78S, EV 75.0 MPH)
|
Batting: RHB Ralph Brantley
|
0-0: Fly out, F7 (Line Drive, 7LD, EV 101.2 MPH)
|
Batting: SHB Barnes Libbinga
|
0-0: Foul Ball, location: 2F 0-1: Swinging Strike 0-2: Ball 1-2: Fly out, F5 (Flyball, 5D, EV 70.6 MPH)
|
Top of the 3rd over - 0 runs, 0 hits, 1 error, 1 left on base; Pontiac 0 - Smoky Mountain 0 |
BOTTOM OF THE 3RD |
Smoky Mountain Hobeaus batting - Pitching for Pontiac Godfathers : LHP Mike Thornton
|
Batting: RHB Jorge Sánchez
|
0-0: Ball 1-0: Ball 2-0: Ball 3-0: Base on Balls
|
Batting: LHB Mike Gill
|
0-0: Ball 1-0: Grounds into double play, 4-6-3 (Groundball, 4, EV 107.5 MPH)
|
Batting: LHB Ben Lindsay
|
0-0: Ball 1-0: Called Strike 1-1: Swinging Strike 1-2: Ball 2-2: Foul Ball, location: 2F 2-2: Ball 3-2: Foul Ball, location: 2F 3-2: Base on Balls
|
Batting: RHB Liang Bai
|
0-0: Called Strike Ben Lindsay steals 2nd base 0-1: Fly out, F9 (Flyball, 89M, EV 73.8 MPH)
|
Bottom of the 3rd over - 0 runs, 0 hits, 0 errors, 1 left on base; Pontiac 0 - Smoky Mountain 0 |
TOP OF THE 4TH |
Pontiac Godfathers batting - Pitching for Smoky Mountain Hobeaus : RHP Luis Barrios
|
Batting: RHB Nick Christensen
|
0-0: Ball 1-0: Called Strike 1-1: Ball 2-1: Swinging Strike 2-2: Strikes out swinging
|
Batting: RHB Emmett Amavizca
|
0-0: Called Strike 0-1: Swinging Strike 0-2: Foul Ball, location: 2F 0-2: Ball 1-2: Ball 2-2: Foul Ball, location: 2F 2-2: Ball 3-2: Strikes out swinging, 2-3 out at first.
|
Batting: LHB Carlos Macías
|
0-0: Called Strike 0-1: Called Strike 0-2: Ball 1-2: Fly out, F6 (Popup, 15, EV 76.2 MPH)
|
Top of the 4th over - 0 runs, 0 hits, 0 errors, 0 left on base; Pontiac 0 - Smoky Mountain 0 |
BOTTOM OF THE 4TH |
Smoky Mountain Hobeaus batting - Pitching for Pontiac Godfathers : LHP Mike Thornton
|
Batting: RHB Tom Scroby
|
0-0: Swinging Strike 0-1: Ball 1-1: Ground out 1-3 (Groundball, P, EV 73.1 MPH)
|
Batting: RHB Jesús Fernández
|
0-0: Ball 1-0: Ball 2-0: Foul Ball, location: 2F 2-1: Fly out, F7 (Flyball, 7LS, EV 71.9 MPH)
|
Batting: LHB Jacob Hall
|
0-0: Called Strike 0-1: Ground out 4-3 (Groundball, 4M, EV 98.1 MPH)
|
Bottom of the 4th over - 0 runs, 0 hits, 0 errors, 0 left on base; Pontiac 0 - Smoky Mountain 0 |
TOP OF THE 5TH |
Pontiac Godfathers batting - Pitching for Smoky Mountain Hobeaus : RHP Luis Barrios
|
Batting: RHB Jorge Putignani
|
0-0: Bunted foul 0-1: Foul Ball, location: 2F 0-2: Ball 1-2: DOUBLE (Line Drive, 78D, EV 100.6 MPH)
|
Batting: RHB Bindu Mongia
|
0-0: Called Strike 0-1: Swinging Strike 0-2: Strikes out swinging
|
Batting: RHB Zachary Spilsbury
|
0-0: Called Strike 0-1: Fly out, F8 (Flyball, 89D, EV 81.9 MPH) Runner from 2nd tags up, SAFE at 3rd, no throw by CF
|
Batting: RHB Frank Curry
|
0-0: Foul Ball, location: 2F 0-1: Called Strike 0-2: Ball 1-2: Fly out, F8 (Line Drive, 8RM, EV 90.0 MPH)
|
Top of the 5th over - 0 runs, 1 hit, 0 errors, 1 left on base; Pontiac 0 - Smoky Mountain 0 |
BOTTOM OF THE 5TH |
Smoky Mountain Hobeaus batting - Pitching for Pontiac Godfathers : LHP Mike Thornton
|
Batting: RHB Senzo Matsuura
|
0-0: Called Strike 0-1: SINGLE (Groundball, 56D, EV 93.8 MPH)
|
Batting: LHB Gianni Fei
|
0-0: Called Strike 0-1: Foul Ball, location: 2F 0-2: Ball 1-2: Strikes out swinging
|
Batting: RHB Jorge Sánchez
|
0-0: Ball 1-0: Grounds into double play, 6-4-3 (Groundball, 6M, EV 78.8 MPH)
|
Bottom of the 5th over - 0 runs, 1 hit, 0 errors, 0 left on base; Pontiac 0 - Smoky Mountain 0 |
TOP OF THE 6TH |
Pontiac Godfathers batting - Pitching for Smoky Mountain Hobeaus : RHP Luis Barrios
|
Batting: RHB Ralph Brantley
|
0-0: Called Strike 0-1: Ball 1-1: Ball 2-1: Swinging Strike 2-2: Ball 3-2: Base on Balls
|
Batting: SHB Barnes Libbinga
|
0-0: Called Strike 0-1: Ball 1-1: Called Strike 1-2: Fly out, F9 (Line Drive, 9D, EV 93.8 MPH) Runner from 1st tags up, SAFE at 2nd
|
Batting: RHB Nick Christensen
|
0-0: Swinging Strike 0-1: Called Strike 0-2: Ball 1-2: Strikes out swinging
|
Batting: RHB Emmett Amavizca
|
0-0: Called Strike 0-1: Swinging Strike 0-2: Ball 1-2: Ground out 6-3 (Groundball, 6, EV 86.9 MPH)
|
Top of the 6th over - 0 runs, 0 hits, 0 errors, 1 left on base; Pontiac 0 - Smoky Mountain 0 |
BOTTOM OF THE 6TH |
Smoky Mountain Hobeaus batting - Pitching for Pontiac Godfathers : LHP Mike Thornton
|
Batting: LHB Mike Gill
|
0-0: Ball 1-0: Ground out 6-3 (Groundball, 6, EV 86.2 MPH)
|
Batting: LHB Ben Lindsay
|
0-0: Ground out U3 (Groundball, 34, EV 92.5 MPH)
|
Batting: RHB Liang Bai
|
0-0: Ball 1-0: Ball 2-0: Called Strike 2-1: SINGLE (Groundball, 13S, EV 73.1 MPH) (infield hit)
|
Batting: RHB Tom Scroby
|
0-0: Ball 1-0: Called Strike 1-1: Fly out, F9 (Line Drive, 9, EV 101.9 MPH)
|
Bottom of the 6th over - 0 runs, 1 hit, 0 errors, 1 left on base; Pontiac 0 - Smoky Mountain 0 |
TOP OF THE 7TH |
Pontiac Godfathers batting - Pitching for Smoky Mountain Hobeaus : RHP Luis Barrios
|
Batting: LHB Carlos Macías
|
0-0: Foul Ball, location: 2F 0-1: Fly out, F9 (Flyball, 89M, EV 90.6 MPH)
|
Batting: RHB Jorge Putignani
|
0-0: Fly out, F9 (Line Drive, 9, EV 105.6 MPH)
|
Batting: RHB Bindu Mongia
|
0-0: Ball 1-0: Ground out 6-3 (Groundball, 56, EV 98.1 MPH)
|
Top of the 7th over - 0 runs, 0 hits, 0 errors, 0 left on base; Pontiac 0 - Smoky Mountain 0 |
BOTTOM OF THE 7TH |
Smoky Mountain Hobeaus batting - Pitching for Pontiac Godfathers : LHP Mike Thornton
|
Batting: RHB Jesús Fernández
|
0-0: Ball 1-0: Foul Ball, location: 2F 1-1: Ball 2-1: Ball 3-1: Foul Ball, location: 2F 3-2: Foul Ball, location: 2F 3-2: SINGLE (Groundball, 6D, EV 100.0 MPH)
|
Batting: LHB Jacob Hall
|
0-0: Called Strike 0-1: Ball 1-1: Ball 2-1: Swinging Strike 2-2: Ball 3-2: Fly out, F8 (Flyball, 89M, EV 88.1 MPH)
|
Batting: RHB Senzo Matsuura
|
0-0: Fly out, F8 (Flyball, 8RD, EV 95.0 MPH)
|
Batting: LHB Gianni Fei
|
0-0: Ball 1-0: Ball 2-0: Foul Ball, location: 2F 2-1: Ball 3-1: Called Strike 3-2: Foul Ball, location: 2F 3-2: Fly out, F8 (Flyball, 8LS, EV 94.4 MPH)
|
Bottom of the 7th over - 0 runs, 1 hit, 0 errors, 1 left on base; Pontiac 0 - Smoky Mountain 0 |
TOP OF THE 8TH |
Pontiac Godfathers batting - Pitching for Smoky Mountain Hobeaus : RHP Luis Barrios
|
Batting: RHB Zachary Spilsbury
|
0-0: Ball 1-0: Ball 2-0: Swinging Strike 2-1: Swinging Strike 2-2: Foul Ball, location: 2F 2-2: Strikes out looking
|
Batting: RHB Frank Curry
|
0-0: Ground out 6-3 (Groundball, 6, EV 83.1 MPH)
|
Batting: RHB Ralph Brantley
|
0-0: SINGLE (Groundball, 4M, EV 108.1 MPH) (infield hit)
|
Batting: SHB Barnes Libbinga
|
0-0: Ball Ralph Brantley steals 2nd base (no throw) 1-0: Called Strike 1-1: Fly out, F7 (Line Drive, 78D, EV 101.9 MPH)
|
Top of the 8th over - 0 runs, 1 hit, 0 errors, 1 left on base; Pontiac 0 - Smoky Mountain 0 |
BOTTOM OF THE 8TH |
Smoky Mountain Hobeaus batting - Pitching for Pontiac Godfathers : LHP Mike Thornton
|
Batting: RHB Jorge Sánchez
|
0-0: Ball 1-0: Ball 2-0: Called Strike 2-1: Fly out, F9 (Line Drive, 9, EV 88.8 MPH)
|
Batting: LHB Mike Gill
|
0-0: Ball 1-0: Ball 2-0: Fly out, F9 (Flyball, 9, EV 81.9 MPH)
|
Batting: LHB Ben Lindsay
|
0-0: Swinging Strike 0-1: Foul Ball, location: 2F 0-2: Strikes out looking
|
Bottom of the 8th over - 0 runs, 0 hits, 0 errors, 0 left on base; Pontiac 0 - Smoky Mountain 0 |
TOP OF THE 9TH |
Pontiac Godfathers batting - Pitching for Smoky Mountain Hobeaus : RHP Luis Barrios
|
Batting: RHB Nick Christensen
|
0-0: SOLO HOME RUN (Flyball, 7D, EV 97.5 MPH), Distance : 395 ft
|
Batting: RHB Emmett Amavizca
|
0-0: Foul Ball, location: 2F 0-1: Ball 1-1: Called Strike 1-2: Strikes out swinging
|
Batting: LHB Carlos Macías
|
0-0: Fly out, F7 (Flyball, 7D, EV 107.5 MPH)
|
Pitching: LHP Eugene Lusty
|
|
Batting: RHB Jorge Putignani
|
0-0: SINGLE (Groundball, 4S, EV 77.5 MPH) (infield hit)
|
Batting: RHB Bindu Mongia
|
0-0: Ball 1-0: Ball 2-0: Ball 3-0: Called Strike 3-1: DOUBLE (Groundball, 5L, EV 100.0 MPH) Jorge Putignani to third Runner from 3rd tries for Home, throw by LF and OUT! 7-6-2
|
Top of the 9th over - 1 run, 3 hits, 0 errors, 1 left on base; Pontiac 1 - Smoky Mountain 0 |
BOTTOM OF THE 9TH |
Smoky Mountain Hobeaus batting - Pitching for Pontiac Godfathers : LHP Mike Thornton
|
Pitching: RHP Joe Allen
|
|
Now at 3B: Tony Silva
|
|
Batting: RHB Liang Bai
|
0-0: Ball 1-0: Called Strike 1-1: Ground out 4-3 (Groundball, 4, EV 101.2 MPH)
|
Batting: RHB Tom Scroby
|
0-0: Foul Ball, location: 2F 0-1: Called Strike 0-2: Ball 1-2: Ball 2-2: Foul Ball, location: 2F 2-2: Ball 3-2: SINGLE (Groundball, 6M, EV 81.9 MPH) (infield hit)
|
Batting: RHB Jesús Fernández
|
0-0: Swinging Strike 0-1: Ball 1-1: Foul Ball, location: 2F 1-2: Foul Ball, location: 2F 1-2: Ball 2-2: Ball 3-2: Foul Ball, location: 2F 3-2: Strikes out swinging
|
Batting: LHB Jacob Hall
|
0-0: Ball 1-0: Called Strike 1-1: Foul Ball, location: 2F 1-2: Foul Ball, location: 2F 1-2: Ball 2-2: Fly out, F7 (Flyball, 78M, EV 95.6 MPH)
|
Bottom of the 9th over - 0 runs, 1 hit, 0 errors, 1 left on base; Pontiac 1 - Smoky Mountain 0 |
|